 Dungeon Crawl Stone Soup version 0.22-a0-223-g0f5d773 (webtiles) character file.

109 vishdafish the Slasher (level 4, -13/33 HPs)
             Began as a Demonspawn Gladiator on Feb 18, 2018.
             Killed from afar by a phantom (40 damage)
             ... with an exploding inner flame
             ... hexed by the player character
             ... on level 2 of the Dungeon.
             The game lasted 00:04:09 (1259 turns).

vishdafish the Slasher (Demonspawn Gladiator)       Turns: 1259, Time: 00:04:09

Health: -13/33     AC:  4    Str: 16    XL:     4   Next: 59%
Magic:  4/4        EV: 13    Int:  9    God:
Gold:   89         SH:  0    Dex: 14    Spells: 3/3 levels left

rFire    . . .     SeeInvis .   a - +1 long sword
rCold    . . .     Gourm    .   (no shield)
rNeg     . . .     Faith    .   b - +0 leather armour
rPois    .         Spirit   .   (helmet restricted)
rElec    .         Reflect  .   o - +0 cloak
rCorr    .         Harm     .   (no gloves)
MR       .....                  (no boots)
Stlth    +.........             (no amulet)
HPRegen  0.11/turn              (no ring)
MPRegen  0.09/turn              (no ring)

@: flying, very slightly contaminated
A: horns 1, demonic guardian 1
a: no special abilities


You were on level 2 of the Dungeon.
You were very hungry.

You visited 1 branch of the dungeon, and saw 2 of its levels.

You collected 89 gold pieces.

Inventory:

Hand Weapons
 a - a +1 long sword (weapon)
Missiles
 d - a throwing net (quivered)
 p - 58 bolts
Armour
 b - a +0 leather armour (worn)
 c - a +0 helmet
 o - a +0 cloak (worn)
Jewellery
 r - a cursed ring of loudness {unknown}
Scrolls
 h - 3 scrolls of enchant weapon
Potions
 g - a potion of haste
 l - a potion of ambrosia
 m - a potion of brilliance {unknown}
 n - a potion of flight
 s - a potion of mutation {unknown}
Comestibles
 f - 3 rations


   Skills:
 + Level 2.2 Fighting
 + Level 3.6 Long Blades
 + Level 1.9 Throwing
 + Level 1.5 Armour
 + Level 3.5 Dodging
 + Level 0.1 Stealth


You had 3 spell levels left.
You didn't know any spells.

Dungeon Overview and Level Annotations

Branches:
Dungeon (2/15)

Altars:
Kikubaaqudgha
Nemelex Xobeh
Yredelemnul
Zin


Innate Abilities, Weirdness & Mutations

You have a pair of small horns on your head.
A weak demonic guardian rushes to your aid.


Message History

Your quasit claws the phantom.
Your quasit barely misses the phantom.
Something hits your quasit.
You swap places.
What are your orders? t - Shout!
Orders for allies: a - Attack new target. p - Attack previous target. r - Retreat! s - Stop attacking. g - Guard the area. f - Follow me.
Anything else - Cancel.
Gang up on whom?
Press: ? - help, Dir - move target cursor, f/p - phantom
Aim: a phantom (almost destroyed, inner flame) Attack!
The phantom blinks!
Your quasit disappears in a puff of smoke!
The phantom is too close now for your liking.
You hit the phantom.
The phantom explodes!
The fiery explosion engulfs you!
Ouch! That really hurt!
You die...

#........##### #.........)..#
#######...###.## ##_ ##.##
#..# #### #8. #.# ##.######
#... #. #.# #......# #... #8
##.# ###....# #... # #..####
##...####...
#8...8##.§§@.#####..........
##.....##.§§#....##....#.....
8.....8#†#§####.##......#...
#.....##.....##.§#....#.....
8...8 #.......#§§§...##....
##>## #..##.#§§[.§...##....
##### #...#.####.....##....
#.####.#.#.# #......###..
#........#.# ###....# ##.


There were no monsters in sight!

Vanquished Creatures
  Jessica (D:2)
  4 adders (D:2)
  A worm (D:2)
  A dart slug (D:1)
  3 bats (D:1)
  4 goblins
  4 hobgoblins
  A quokka (D:2)
  7 frilled lizards
  8 kobolds
  7 rats
41 creatures vanquished.

Vanquished Creatures (collateral kills)
  An adder (D:2)
  A giant cockroach (D:2)
  A bat (D:2)
  A frilled lizard (D:2)
4 creatures vanquished.

Grand Total: 45 creatures vanquished

Notes
Turn   | Place    | Note
-------+----------+-------------------------------------------
     0 | D:1      | vishdafish the Demonspawn Gladiator began the quest for the Orb.
     0 | D:1      | Reached XP level 1. HP: 16/16 MP: 1/1
    77 | D:1      | Gained mutation: You have a pair of small horns on your head. [demonic ancestry]
    77 | D:1      | Reached XP level 2. HP: 22/22 MP: 2/2
   652 | D:2      | Gained mutation: A weak demonic guardian rushes to your aid. [demonic ancestry]
   652 | D:2      | Reached XP level 3. HP: 23/27 MP: 3/3
   680 | D:2      | Noticed Jessica
   690 | D:2      | Killed Jessica
   871 | D:2      | Found a glowing silver altar of Zin.
   912 | D:2      | Reached XP level 4. HP: 20/33 MP: 4/4
   979 | D:2      | Reached skill level 1 in Armour
   993 | D:2      | Found an ancient bone altar of Kikubaaqudgha.
  1021 | D:2      | Found a sparkling altar of Nemelex Xobeh.
  1111 | D:2      | Found a basalt altar of Yredelemnul.
  1158 | D:2      | Noticed a phantom
  1259 | D:2      | Killed a phantom
  1259 | D:2      | Killed from afar by a phantom

Vault maps used:
D:1:      scummos_arrival_checkerplants
D:2:      nicolae_overflow_hidden_temple, nemelex_altar_shiori, zin_statuary,
          marbit_many_paths, uniq_jessica

Skill      XL: |  1  2  3  4 |
---------------+-------------+-----
Long Blades    | 3 |  3.6
Dodging        | 3 |  3.5
Armour         | 1 |  1.5
Fighting       | |  2.2
Throwing       | |  1.9
Stealth        | |  0.1

Action                   |  1- 3 |  4- 6 || total
-------------------------+-------+-------++-------
Melee: Long sword        |    60 |    23 ||    83
       Headbutt          |     7 |     5 ||    12
Throw: Throwing net      |       |     2 ||     2
  Use: Scroll            |       |     6 ||     6
       Potion            |       |     3 ||     3
Armor: Leather armour    |    21 |     7 ||    28
Dodge: Dodged            |    58 |    26 ||    84
       Rpst.: Long sword |    21 |     9 ||    30

Table legend:
 A = Spawn XP
 B = Non-spawn XP
 C = Spawn XP percentage of total XP
 D = Spawn monster count
 E = Non-spawn monster count
 F = Spawn count percentage of total count
 G = Total turns spent on level
                    A         B        C        D         E        F      G
               +---------+---------+-------+---------+---------+-------+---------
         Total |       0 |     156 |   0.0 |       0 |      45 |   0.0 |  1259
               +---------+---------+-------+---------+---------+-------+---------
           D:1 |       0 |      32 |   0.0 |       0 |      21 |   0.0 |   643
           D:2 |       0 |     124 |   0.0 |       0 |      24 |   0.0 |   616
               +---------+---------+-------+---------+---------+-------+---------
